 Dungeon Crawl Stone Soup version 0.26.0-7-g794d0892b4 (webtiles) character file.

Game seed: 8748276468932260468

63 jackrogers the Insei (level 4, -2/28 HPs)
             Began as a Tengu Monk on Jan 12, 2021.
             Was a Believer of Okawaru.
             Slain by an ice beast (12 damage)
             ... on level 4 of the Dungeon.
             The game lasted 00:02:43 (2149 turns).

jackrogers the Insei (Tengu Monk)                   Turns: 2149, Time: 00:02:44

Health: -2/28      AC:  3    Str: 12    XL:     4   Next: 9%
Magic:  5/5        EV: 12    Int: 10    God:    Okawaru [**....]
Gold:   134        SH:  5    Dex: 17    Spells: 3/3 levels left

rFire    + . .     SeeInvis .     - Unarmed
rCold    x . .     Faith    .   n - +1 buckler
rNeg     . . .     Spirit   .   g - +0 leather armour
rPois    .         Reflect  .   (helmet restricted)
rElec    .         Harm     .   f - scarf {repulsion}
rCorr    .         Rampage  .   (no gloves)
Will     .....                  (boots unavailable)
Stlth    ++........             c - amulet of regeneration {+regen, !d}
HPRegen  0.49/turn              p - ring of fire {rF+, rC-}
MPRegen  0.09/turn              k - ring of flight {+Fly, !d}

@: repel missiles
A: beak, talons 3
a: Renounce Religion, Evoke Flight, Heroism


You were on level 4 of the Dungeon.
You worshipped Okawaru.
Okawaru was pleased with you.
You visited 1 branch of the dungeon, and saw 4 of its levels.

You collected 134 gold pieces.

Inventory:

Missiles
 m - 8 poisoned darts
 r - 6 boomerangs
Armour
 a - a +0 robe
 f - a scarf of repulsion (worn)
   (You found it on level 1 of the Dungeon)
 g - a +0 leather armour (worn)
   (You found it on level 3 of the Dungeon)
 l - a +0 pair of gloves
   (You found it on level 3 of the Dungeon)
 n - a +1 buckler (worn)
   (You found it on level 2 of the Dungeon)
Jewellery
 c - an amulet of regeneration (around neck) {+regen, !d}
   (You found it on level 1 of the Dungeon)
 k - a ring of flight (right hand) {+Fly, !d}
   (You took it off a kobold on level 3 of the Dungeon)
 p - a ring of fire (left hand) {rF+, rC-}
   (You found it on level 3 of the Dungeon)
Scrolls
 b - 3 scrolls of remove curse
 i - a scroll of teleportation
 j - 2 scrolls of immolation {!r}
Potions
 d - 2 potions of curing
 e - a potion of cancellation {unknown}
 h - 2 potions of might
 o - a potion of brilliance
 q - a potion of ambrosia {unknown}


   Skills:
 - Level 3.0 Fighting
 - Level 3.2 Dodging
 - Level 2.0 Stealth
 + Level 0.9 Shields
 * Level 5.1 Unarmed Combat


You had 3 spell levels left.
You didn't know any spells.
Your spell library was empty.

Dungeon Overview and Level Annotations

Branches:
Dungeon (4/15)
 Temple: D:4-7

Altars:
Cheibriados
Fedhas
Okawaru
Qazlal


Innate Abilities, Weirdness & Mutations

You have a beak for a mouth.
You have claws for feet.


Message History

You feel agile.
You hit the rat.
You kill the rat!
Okawaru accepts your kill.
No target in view!
No target in view!
No target in view!
p - a diamond ring
q - a puce potion A rat comes into view.
A rat is nearby!
A rat is nearby!
A rat is nearby!
A frilled lizard comes into view.
The frilled lizard hisses angrily.
The rat bites you.
You closely miss the frilled lizard. The frilled lizard barely misses you.
The rat closely misses you.
You closely miss the frilled lizard. You block the frilled lizard's attack.
The rat bites you but does no damage.
You closely miss the frilled lizard. You block the frilled lizard's attack.
You block the rat's attack.
You barely miss the frilled lizard. Your kick misses the frilled lizard.
The frilled lizard bites you but does no damage.
You block the rat's attack.
You miss the frilled lizard. The frilled lizard closely misses you.
The rat closely misses you.
You punch the frilled lizard!
You kill the frilled lizard!
Okawaru accepts your kill. The rat bites you.
You hit the rat.
You kill the rat!
Okawaru accepts your kill.
No target in view!
No target in view!
A quokka comes into view.
The quokka bites you but does no damage.
You hit the quokka. Your kick misses the quokka. The quokka barely misses you.
You completely miss the quokka. You claw the quokka.
You kill the quokka!
Okawaru accepts your kill.
You see here a quokka corpse.
You see here 6 boomerangs.
r - 6 boomerangs
b - 3 scrolls of remove curse (gained 1)
Things that are here:
a +0 club; a goblin skeleton Done exploring.
Done exploring.
Done exploring.
Done exploring.
As you read the scroll of identify, it crumbles to dust.
o - a potion of brilliance You feel more attuned to fire.
p - a ring of fire (left hand)
k - a ring of flight (right hand) {+Fly, !d} You feel very buoyant.
You swoop lightly up into the air.
Done exploring.
Done exploring.
Done exploring.
(D) Dungeon
Where to? (Enter - D:3 @ (x,y), ? - help)
You are starting to lose your buoyancy.
You float gracefully downwards.
There is a stone staircase leading down here.
You climb downwards.
A frilled lizard comes into view.
There is a stone staircase leading up here.
A frilled lizard is nearby!
Unknown command.
The frilled lizard hisses angrily.
You hit the frilled lizard. You claw the frilled lizard.
You kill the frilled lizard!
Okawaru accepts your kill.
No target in view!
No target in view!
No target in view!
Found a stone staircase leading down.
You now have 125 gold pieces (gained 20).
You now have 134 gold pieces (gained 9).
e - a glowing brown potion You see here a leather armour.
An ice beast comes into view.
An ice beast is nearby!
An ice beast is nearby!
Okay, then.
Okay, then.
You punch the ice beast! Your kick misses the ice beast.
You peck the ice beast. The ice beast hits you. The ice beast freezes you!
You feel a terrible chill!
You hit the ice beast. You block the ice beast's attack.
You hit the ice beast but do no damage. Your kick misses the ice beast.
Your peck misses the ice beast. You block the ice beast's attack.
Unknown command.
You barely miss the ice beast. The ice beast hits you.
The ice beast freezes you!
You feel a terrible chill!
You die...

#.............#
#.............#
#..........[(.#
#.............###
###<............#
###.........#.#
...........(.#
##########..#######
#.>..@Y..#
#....######.#
#.#### #


You could see an ice beast.

Vanquished Creatures
  An adder (D:3)
  A worm (D:3)
  5 dart slugs
  A leopard gecko (D:1)
  A ball python (D:1)
  A giant cockroach (D:1)
  4 goblins
  5 hobgoblins
  3 jackals (D:1)
  5 kobolds
  A quokka (D:3)
  A bat (D:3)
  3 frilled lizards
  5 rats
37 creatures vanquished.

Notes
Turn   | Place    | Note
-------+----------+-------------------------------------------
     0 | D:1      | jackrogers the Tengu Monk began the quest for the Orb.
     0 | D:1      | Reached XP level 1. HP: 14/14 MP: 2/2
   135 | D:1      | Reached XP level 2. HP: 19/19 MP: 3/3
   180 | D:1      | Reached skill level 4 in Unarmed Combat
   834 | D:1      | Reached XP level 3. HP: 22/23 MP: 4/4
   982 | D:2      | Found a snail-covered altar of Cheibriados.
  1234 | D:2      | Found a blossoming altar of Fedhas.
  1270 | D:2      | Found a stormy altar of Qazlal.
  1768 | D:3      | Found a faded altar of an unknown god.
  1905 | D:3      | Found an iron altar of Okawaru.
  1930 | D:3      | Became a worshipper of Warmaster Okawaru
  1930 | D:3      | Reached * piety under Okawaru
  1930 | D:3      | Reached ** piety under Okawaru
  1939 | D:3      | Reached skill level 5 in Unarmed Combat
  1974 | D:3      | Reached XP level 4. HP: 27/28 MP: 5/5
  2141 | D:4      | Noticed an ice beast
  2149 | D:4      | Slain by an ice beast

Illustrated notes

Levels and vault maps discovered:
D:1:      zelgadis_glass_arrival_small, layout_loops_ring, minmay_crystal_water
D:2:      cheibrodos_old_hovel, layout_basic,
          grunt_temple_overflow_forces_of_nature, kennysheep_slug_shrine
D:3:      layout_basic, chequers_ecumenical_altar_grove, okawaru_gym_becter
D:4:      layout_basic, grunt_decor_resistance, vehumet_altar_wand_db

Skill      XL: |  1  2  3 |
---------------+----------+-----
Unarmed Combat | 4 5 |  5.1
Fighting       | |  3.0
Dodging        | |  3.2
Stealth        | |  2.0
Shields        | |  0.9

Action                   |  1- 3 |  4- 6 || total
-------------------------+-------+-------++-------
Melee: Unarmed           |    96 |    15 ||   111
       Kick              |    23 |     2 ||    25
       Peck              |    13 |     1 ||    14
 Abil: Evoke Flight      |       |     1 ||     1
  Use: Scroll            |     9 |     1 ||    10
 Stab: Sleeping          |     2 |       ||     2
       Distracted        |     1 |       ||     1
Armor: Robe              |     3 |       ||     3
       Leather armour    |     5 |     3 ||     8
Dodge: Dodged            |    58 |     5 ||    63
Block: Buckler           |     4 |     6 ||    10

Table legend: (Time is in decaauts)
 A = Elapsed time spent in this place.
 B = Non-inter-level travel time spent in this place.
 C = Inter-level travel time spent in this place.
 D = Time resting spent in this place.
 E = Time spent auto-exploring this place.
 F = Levels seen in this place.
 G = Mean time per level.
                   A        B        C        D        E       F      G
               +--------+--------+--------+--------+--------+-----+--------+
         Total |   2138 |   1999 |    139 |     20 |   1679 |   4 |  534.5 |
       Dungeon |   2138 |   1999 |    139 |     20 |   1679 |   4 |  534.5 |
               +--------+--------+--------+--------+--------+-----+--------+

Top non-repeatable levels by time:
     D:1: 926 daAuts
     D:2: 610 daAuts
     D:3: 576 daAuts
     D:4: 26 daAuts

Table legend:
 A = Kills in this place as a percentage of kills in entire the game.
 B = Kills by you in this place as a percentage of kills by you in the entire game.
 C = Kills by friends in this place as a percentage of kills by friends in the entire game.
 D = Other kills in this place as a percentage of other kills in the entire game.
 E = Experience gained in this place as a percentage of experience gained in the entire game.
 F = Experience gained in this place divided by the number of levels of this place that you have seen.
                   A       B       C       D       E      F
               +-------+-------+-------+-------+-------+----------------------
         Total | 100.0 | 100.0 |   N/A |   N/A | 100.0 |  22.5
       Dungeon | 100.0 | 100.0 |   N/A |   N/A | 100.0 |  22.5
               +-------+-------+-------+-------+-------+----------------------
